AoeStats
← Octavio

Arabia

510111209Analyzed
1v1 RM · 3d ago on Sep 29, 2026· 51m 57s· 2 players
Game mode
Random Map
Map size
Tiny (2 player)
Population
200
Speed
Normal
Resources
Standard
Victory
Conquest
Starting age
Dark Age
Ending age
Imperial Age
RankedLock teamsTeams togetherTeam positionsShared explorationLock speedFull tech treeHidden civsTurbo modeCheats
Victory
Defeat
🇦🇷 Inca · Argentina
615
+17
🇬🇧 Britons · United Kingdom
626
-26
Octavio
13:34 Feudal Age
15:07 Feudal Age
17:18 Champi Runner
18:48 Double-Bit Axe
20:24 Forging
21:01 Horse Collar
21:22 Arson
23:48 Scale Mail Armor
28:11 Gold Mining
33:23 Castle Age
34:45 Iron Casting
33:35 Champi Warrior
34:25 Squires
35:44 Wheelbarrow
36:15 Bow Saw
gamesmaster879
10:32 Feudal Age
9:41 Loom
11:26 Double-Bit Axe
15:28 Fletching
21:18 Padded Archer Armor
27:26 Castle Age
29:19 Wheelbarrow
28:56 Bodkin Arrow
29:30 Crossbowman
37:58 Leather Archer Armor
Connection lost

Rejoining the realm…

Still unreachable

The connection could not be restored.

Session expired

The server has moved on; the page needs a fresh start.